 Dungeon Sprint DCSS version 0.23-a0-180-ga5275e7 (webtiles) character file.

34 Fang the Fighter (level 6, -10/45 HPs)
             Began as a Gargoyle Berserker on Sept 18, 2018.
             Was an Elder of Trog.
             Killed from afar by a kamikaze kobold (48 damage)
             ... with an exploding inner flame
             ... in the Dungeon (Sprint VI: "Thunderdome").
             The game lasted 00:01:15 (396 turns).

Fang the Fighter (Gargoyle Berserker)                Turns: 396, Time: 00:01:16

Health: -10/45     AC:  6    Str: 22    XL:     6   Next: 10%
Magic:  6/6        EV: 13    Int:  8    God:    Trog [****..]
Gold:   250        SH:  0    Dex:  9    Spells: 5/5 levels left

rFire    . . .     SeeInvis .   a - +0 hand axe
rCold    . . .     Gourm    .   (no shield)
rNeg     + . .     Faith    .   b - +0 animal skin
rPois    ∞         Spirit   .   (no helmet)
rElec    +         Reflect  .   (no cloak)
rCorr    .         Harm     .   (no gloves)
MR       .....     NoTele   +   (no boots)
Stlth    +.........             (no amulet)
HPRegen  0.15/turn              (no ring)
MPRegen  0.10/turn              (no ring)

@: no status effects
A: negative energy resistance 1, electricity resistance, unbreathing,
petrification resistance, rot immunity, AC +4
a: Berserk, Trog's Hand, Brothers in Arms, Renounce Religion


You were in the Dungeon.
You worshipped Trog.
Trog was greatly pleased with you.
You were not hungry.

You visited 1 branch You collected 250 gold pieces.

Inventory:

Hand Weapons
 a - a +0 hand axe (weapon)
Armour
 b - a +0 animal skin (worn)
Wands
 k - a wand of acid (5)
 l - a wand of iceblast (5)
Scrolls
 i - 4 scrolls of blinking
 m - 3 scrolls of fog
Potions
 d - a potion of curing
 e - 3 potions of heal wounds
 f - 4 potions of haste
 g - 2 potions of magic
 h - a potion of berserk rage
 j - a potion of resistance
Comestibles
 c - a ration


   Skills:
 + Level 8.6 Fighting
 + Level 7.9 Axes
 + Level 4.2 Armour
 + Level 3.8 Dodging


You had 5 spell levels left.
You didn't know any spells.
Your spell library was empty.

Dungeon Overview and Level Annotations

Branches:
Dungeon (1/1)

Altars:
Cheibriados
Dithmenos
Fedhas
Gozag
Kikubaaqudgha
Makhleb
Okawaru
Qazlal
Ru
Sif Muna
Trog
Uskayaw
Vehumet
Wu Jian
Xom
Yredelemnul
Zin
The Shining One
Beogh
Jiyva
Lugonu

Shops:
D *[%??*?*:[((!!!!


Innate Abilities, Weirdness & Mutations

You are resistant to torment.
Your stone body is resilient. (AC +4)
You are immune to poison.
You resist negative energy. (rN+)
You are resistant to electric shocks. (rElec)
You can survive without breathing.
You are immune to petrification.
You are immune to rotting.


Message History

You are too injured to fight recklessly!
You are too injured to fight recklessly!
You start resting.
A kamikaze kobold comes into view. It is wielding a short sword.
A kamikaze kobold is nearby!
A kamikaze kobold is nearby!
The kamikaze kobold shouts!
You are too injured to fight recklessly!
You are too injured to fight recklessly!
You are too injured to fight recklessly!
You are too injured to fight recklessly!
You are too injured to fight recklessly!
You feel much better.
You barely miss the kamikaze kobold.
The kamikaze kobold hits you but does no damage.
You hit the kamikaze kobold.
The kamikaze kobold explodes!
The fiery explosion engulfs you!
Ouch! That really hurt!
You die...

#.....# ##.....## ##∩.....∩##
#∩.......∩# #_......._#
#_......._# #_......._#
###.........### #⌠......§@§†.⌠#
######.8......§§.8.######
##∩___......###§§...._._∩##
##∩........8.# #.8........∩###
.............###.............##
..........###...###....÷.....⌠#
..........# #.<.# #.....[....⌠#
..........###...###....÷.....⌠#
.............###.............##


There were no monsters in sight!

Vanquished Creatures
  A porcupine (D)
  A necrophage (D)
  A wight (D)
  A river rat (D)
  2 adder zombies (D)
  A bat zombie (D)
  A kobold (D)
  A jackal skeleton (D)
  3 rats (D)
12 creatures vanquished.

Notes
Turn   | Place    | Note
-------+----------+-------------------------------------------
     0 | D        | Fang the Gargoyle Berserker began the quest for the Orb.
     0 | D        | Reached XP level 1. HP: 14/14 MP: 1/1
     4 | D        | Found a deep blue altar of Sif Muna.
     4 | D        | Found a hide-covered altar of Uskayaw.
     5 | D        | Found a sacrificial altar of Ru.
     5 | D        | Round 1.
     6 | D        | Found a glowing golden altar of the Shining One.
     6 | D        | Found an ancient bone altar of Kikubaaqudgha.
     7 | D        | Found Ymeydiewk's Do-It-Yourself Clinic.
     7 | D        | Found a viscous altar of Jiyva.
     7 | D        | Found Heulelem's Distillery.
     8 | D        | Found Ujeonikh's Bottled Wisdom.
     8 | D        | Found Icim's Distillery.
     8 | D        | Found a roughly hewn altar of Beogh.
     9 | D        | Noticed a porcupine
    16 | D        | Killed a porcupine
    16 | D        | Reached skill level 6 in Fighting
    16 | D        | Reached skill level 5 in Axes
    16 | D        | Reached XP level 2. HP: 20/23 MP: 2/2
    16 | D        | Reached XP level 3. HP: 25/28 MP: 3/3
    16 | D        | Reached XP level 4. HP: 28/32 MP: 4/4
    66 | D        | Reached skill level 7 in Fighting
    74 | D        | Found a bloodstained altar of Trog.
    77 | D        | Reached ** piety under Trog
   106 | D        | Found a burning altar of Makhleb.
   107 | D        | Found a radiant altar of Vehumet.
   108 | D        | Found Higha's Staff Store.
   111 | D        | Found a shadowy altar of Dithmenos.
   111 | D        | Found an opulent altar of Gozag.
   111 | D        | Found a snail-covered altar of Cheibriados.
   111 | D        | Found Laesch's Magic Scroll Shop.
   125 | D        | Found Oqom Ost's Must-Have Magic.
   125 | D        | Found Asing's Magic Scroll Shop.
   141 | D        | Found a glowing silver altar of Zin.
   154 | D        | Arena points: 6 (+6) [x1]
   169 | D        | Found Uteon's Weapon Rack.
   169 | D        | Found Ahudum's Basic Armour.
   169 | D        | Round 2.
   170 | D        | Found Qamit's Miscellaneous Merchandise.
   175 | D        | Found Inykiluh's Premium Goods.
   175 | D        | Found a basalt altar of Yredelemnul.
   175 | D        | Found an ornate altar of the Wu Jian Council.
   175 | D        | Found a stormy altar of Qazlal.
   184 | D        | Found a blossoming altar of Fedhas.
   188 | D        | Found a corrupted altar of Lugonu.
   188 | D        | Found Inyef's Identification Station.
   188 | D        | Found Wieho's Advanced Armour.
   189 | D        | Found Nudayxt's Jewellery.
   194 | D        | Found Vyelef's Delicious Food.
   194 | D        | Found a shimmering altar of Xom.
   194 | D        | Found an iron altar of Okawaru.
   220 | D        | Reached XP level 5. HP: 38/38 MP: 5/5
   264 | D        | Reached *** piety under Trog
   293 | D        | Noticed a necrophage
   300 | D        | Killed a necrophage
   300 | D        | Reached skill level 8 in Fighting
   300 | D        | Reached XP level 6. HP: 45/45 MP: 6/6
   301 | D        | Reached **** piety under Trog
   301 | D        | Arena points: 34 (+28) [x2]
   359 | D        | Round 3.
   396 | D        | Killed from afar by a kamikaze kobold

Vault maps used:
D:        arena_sprint

Skill      XL: |  1  2  3  4  5 |
---------------+----------------+-----
Fighting       | 6 7 8 |  8.6
Axes           | 5 6 7 |  7.9
Armour         | 3 4 |  4.2
Dodging        | 2 3 |  3.8

Action                   |  1- 3 |  4- 6 || total
-------------------------+-------+-------++-------
Melee: Hand axe          |     3 |    52 ||    55
Invok: Berserk           |     1 |     1 ||     2
  Use: Potion            |       |     1 ||     1
Armor: Animal skin       |       |     7 ||     7
Dodge: Dodged            |     4 |    29 ||    33

Table legend:
 A = Non-vault XP
 B = Vault XP
 C = Vault XP percentage of total XP
 D = Non-vault monster count
 E = Vault monster count
 F = Vault count percentage of total count
                 A         B        C        D         E       F
            +---------+---------+-------+---------+---------+-------
      Total |     351 |       0 |   0.0 |      12 |       0 |   0.0
            +---------+---------+-------+---------+---------+-------
          D |     351 |       0 |   0.0 |      12 |       0 |   0.0
            +---------+---------+-------+---------+---------+-------
